woodfighter, lawful female human Knight ---- ---- |..| |..------..| |....-|...-- |.....|.--- ----..|.| |.-|u| |..u)|-- ---hG..|... .....%hG.| ---.------ |.| --.--- |....---- --......| |......-- |.......| ---.--.-- ------ woodfighter the Bachelor Experience level: 9 Strength: 18 Dexterity: 9 Constitution: 14 Intelligence: 7 Wisdom: 15 Charisma: 18 Health: 0(57) Energy: 57(57) Def: 13 Gold: 164 Moves: 6969 Dungeon seed: 5jq42T9Nce88bLCi Game ID: woodfighter_1517172775 Your Inventory: Coins $ - 164 gold pieces Weapons a - the blessed rustproof +2 Excalibur (weapon in hand) g - 12 blessed +2 crossbow bolts (in quiver) h - a blessed +0 crossbow (alternate weapon; not wielded) Armor e - an uncursed +0 dwarvish cloak (being worn) n - an uncursed rusty +0 helmet (being worn) u - an uncursed +0 pair of leather gloves z - an uncursed +0 pair of leather gloves (being worn) E - an uncursed +0 elven mithril-coat (being worn) N - an uncursed +0 pair of elven boots (being worn) Y - a blessed +1 shield of reflection (being worn) Comestibles o - an uncursed banana v - an uncursed lembas wafer B - 4 uncursed sprigs of wolfsbane C - an uncursed cream pie L - 3 uncursed food rations M - 2 uncursed magic beans W - 4 uncursed carrots X - an uncursed tripe ration Z - 2 uncursed oranges Wands d - a wand of sleep (0:4) f - a wand of fire (0:7) Tools q - a +0 unicorn horn s - an uncursed oilskin sack y - an uncursed lock pick A - an uncursed wax candle (0:400) F - a +0 pick-axe I - an uncursed towel K - an uncursed brass lantern (lit) (0:223) Contents of the oilskin sack: an uncursed +0 mummy wrapping a [uncursed] chickatrice corpse 2 uncursed lichen corpses a [uncursed] potion of booze Spells and supernatural/magical abilities: Name Level Category Fail Memory W - pray for help -- divine ? -- X - turn undead -- divine ? -- Y - supernatural jump -- ability ? -- Your skills at the end: Miscellaneous Skills shield [Basic] wands [Basic] riding [Basic] Weapon Skills long sword [Skilled] polearms [Basic] Spellcasting Skills Final Attributes: You had strayed. You were level-drain resistant. Your writing hand was ok. You were telepathic. You had automatic searching. You were somewhat stealthy. You could jump. You were riding your pony. You were protected. You were fast. You had reflection. You are dead. Vanquished creatures: a silver dragon a ghost 3 giant mimics a large mimic a quantum mechanic 2 large dogs a giant beetle 4 leprechauns a quivering blob a mountain nymph an iron piercer a horse 4 gnome kings a dwarf mummy a chickatrice 3 housecats a jaguar a dwarf lord a water nymph a black unicorn a raven 2 plains centaurs 2 snakes an ape a yellow light 4 wood nymphs 5 Uruk-hai a rock piercer a pony 2 fog clouds a shrieker 7 gnome lords 5 gnomish wizards a golden naga hatchling 3 gray oozes 3 elf zombies a paper golem 3 floating eyes 4 dwarves 2 homunculi a kobold lord an iguana 3 hill orcs 4 rothes 2 centipedes 2 jitterbugs 2 giant bats 6 monkeys a wererat 2 werejackals 3 killer bees a coyote 4 gas spores 4 hobbits 2 acid blobs 2 large kobolds 9 geckos 3 hobgoblins 5 giant rats 2 brown molds a yellow mold 2 red molds 34 gnomes 13 manes a gnome zombie 4 jackals 2 foxes 2 kobolds 9 newts 3 goblins a sewer rat 10 grid bugs 6 bats 6 lichens a kobold zombie 235 creatures vanquished. Voluntary challenges: You did not cause conflict. You were not invisible. You were not displaced. You used a wielded weapon 279 times, starting on turn 5. You did not use sinks. You did not drink any magical draughts. You read items or engraved 3 times, starting on turn 2581. You never genocided any monsters. You never polymorphed an object. You never changed form. You completed Sokoban on turn 4668, according to the rules. You used no wishes. You never split a pudding. You never wrote Elbereth's name. You violated your moral code, losing 14 points of alignment, starting on turn 5. Dungeon overview: The Dungeons of Doom: levels 1 to 8 Level 1 a fountain a long staircase Level 2 a fountain Level 3 a sink Level 4 a general store stairs to The Gnomish Mines Level 5 an altar to Lugh Level 6 Level 7 (pony) some fountains Level 8 (vault) a fountain stairs to Sokoban The Gnomish Mines: levels 5 to 9 Level 5 stairs to The Dungeons of Doom Level 6 Level 7 many shops, a temple to Brigit, a magic chest, some fountains, a sink Level 8 Level 9 <- You were here Sokoban: levels 4 to 7 Level 4 a magic chest Level 5 Level 6 Level 7 an altar to Brigit, a magic chest stairs to The Dungeons of Doom History has recorded: On T:1 you entered the Dungeons of Doom to retrieve the Amulet of Yendor! On T:186 you reached level 2 of The Dungeons of Doom. On T:386 you advanced to experience level 2. On T:660 you reached level 3 of The Dungeons of Doom. On T:730 you advanced to experience level 3. On T:817 you reached level 4 of The Dungeons of Doom. On T:1220 you reached level 5 of The Dungeons of Doom. On T:1227 you advanced to experience level 4. On T:1519 you reached level 6 of The Dungeons of Doom. On T:1698 you advanced to experience level 5. On T:1778 you reached level 7 of The Dungeons of Doom. On T:2108 you reached level 8 of The Dungeons of Doom. On T:2187 you advanced to experience level 6. On T:2526 you reached level 4 of Sokoban. On T:2578 you opened a magic chest. On T:2866 you reached level 3 of Sokoban. On T:3365 you advanced to experience level 7. On T:3368 you reached level 2 of Sokoban. On T:3994 you reached level 1 of Sokoban. On T:4668 you advanced to experience level 8. On T:4668 you entered the Sokoban zoo. On T:5056 you reached level 1 of The Gnomish Mines. On T:5190 you reached level 2 of The Gnomish Mines. On T:5679 you reached level 3 of The Gnomish Mines. On T:5812 you entered the Minetown temple On T:5978 you reached level 4 of The Gnomish Mines. On T:6556 you reached level 5 of The Gnomish Mines. On T:6692 you advanced to experience level 9. Score breakdown: Gold: 164 ( 16 points) Experience: 9 levels ( 800 points) Exploration: 9 levels ( 240 points) Discoveries: 15 items ( 750 points) Variety of kills: 75 monsters ( 2000 points) Major goal: finished Sokoban ( 1000 points) Survival: died (score multiplied by 3) Total score: 14418 Latest messages: You are now wielding your pick-axe. You start digging. You hit the rock with all your might. You stop digging. You make an opening in the wall. You are blasted by Excalibur's power! You hear the howling of the CwnAnnwn... You are now wielding your Excalibur. You kill the gnome! You kill the killer bee! The killer bee misses. You kill the killer bee! The gnome falls into a pit! You kill the gnome! The gnome picks up a pair of fencing gloves. The gnome puts on a pair of fencing gloves. You caitiff! Your conscience bothers you, but you dismiss it. You kill the gnome! The gnome throws a dart! You are almost hit by a dart. There are a few objects here. The gray unicorn butts! You die... Final status: Fare thee well woodfighter the Knight, killed by a gray unicorn... You died in The Gnomish Mines on dungeon level 9 with 14418 points, and 164 pieces of gold, after 6969 moves. You were level 9 with a maximum of 57 hit points when you died.